 Dungeon Crawl Stone Soup version 0.31-a0-237-g2d982f9f85 (webtiles) character file.

Game seed: 3938960371050546271

355 qw the Shooter (level 6, -12/37 HPs)
             Began as a Gargoyle Hexslinger on July 11, 2023.
             Mangled by Menkaure (15 damage)
             ... on level 4 of the Dungeon.
             The game lasted 00:01:24 (2408 turns).

qw the Shooter (Gargoyle Hexslinger)                Turns: 2408, Time: 00:01:25

Health: -12/37     AC: 12    Str: 11    XL:     6   Next: 63%
Magic:  7/7        EV: 10    Int: 14    God:
Gold:   91         SH:  0    Dex: 14    Spells: 6/7 levels left

rFire   + . .        Y - +0 orcbow
rCold   . . .        (shield currently unavailable)
rNeg    + . .        n - +0 ring mail
rPois   inf          (no helmet)
rElec   +            (no cloak)
rCorr   .            i - +2 pair of gloves
SInv    .            (no boots)
Will    .....        h - amulet of regeneration
Stlth   +            m - ring of protection from fire
HPRegen 1.06/turn    (no ring)
MPRegen 0.10/turn

%: no passive effects
@: no status effects
A: sickness immunity, AC +4, negative energy resistance 1, electricity
resistance, torment resistance 1, petrification resistance
a: no special abilities


You were on level 4 of the Dungeon.
You visited 1 branch of the dungeon, and saw 4 of its levels.

You collected 91 gold pieces.


Innate Abilities, Weirdness & Mutations

You are immune to sickness and miasma.
Your stone body is resilient. (AC +4)
You are immune to poison.
You resist negative energy. (rN+)
You are resistant to electric shocks. (rElec)
You are resistant to unholy torment.
You are immune to petrification.


   Skills:
 - Level 3.1 Fighting
 + Level 5.8 Ranged Weapons
 - Level 2.0 Armour
 - Level 1.5 Dodging
 - Level 1.0 Spellcasting
 - Level 2.6 Hexes


You had 6 spell levels left.
You knew the following spells:

 Your Spells              Type           Power      Damage    Failure   Level
a - Slow                  Hex            32%        N/A       21%         1

Your spell library contained the following spells:

 Spells                   Type           Power      Damage    Failure   Level
 Inner Flame              Hex/Fire       4%         N/A       71%         3
 Portal Projectile        Hex/Tloc       8%         N/A       71%         3
 Cause Fear               Hex            4%         N/A       90%         4

Inventory:

Hand Weapons
 Y - a +0 orcbow (weapon)
Armour
 i - a +2 pair of gloves (worn)
 n - a +0 ring mail (worn)
Jewellery
 h - an amulet of regeneration (around neck)
 m - a ring of protection from fire (left hand)
Scrolls
 f - a scroll of identify
Potions
 d - a potion of curing
 e - a potion of resistance
 g - a potion of lignification {unknown}
 l - a potion of might {unknown}

Dungeon Overview and Level Annotations

Branches:
Dungeon (4/15)
 Temple: D:4-7

Altars:

Annotations:
D:4 Menkaure


Message History

The orc priest hits you from afar with a +0 trident.
The scorpion stings you but does no damage.
Menkaure gestures wildly while chanting.
Menkaure seems to speed up.
The orc priest completely misses you.
You shoot an arrow. The arrow hits the scorpion!
You kill the scorpion!
Menkaure gestures at you while chanting.
You are unaffected.
The orc priest hits you but does no damage.
Menkaure gestures at you while chanting.
Pain shoots through your body!
Your Armour skill gained 2 levels and is now at level 2!
You shoot an arrow. The arrow barely misses the orc priest.
The arrow completely misses the goblin.
The orc priest closely misses you.
You shoot an arrow. The arrow barely misses Menkaure.
Menkaure hits you but does no damage.
The orc priest hits you but does no damage.
Menkaure hits you but does no damage.
The orc priest looks braver for a moment.
You shoot an arrow. The arrow barely misses Menkaure.
The arrow hits the goblin!
You kill the goblin!
Menkaure closely misses you.
The orc priest hits you but does no damage.
You shoot an arrow. The arrow hits Menkaure.
Menkaure is moderately damaged.
Menkaure gestures at you while chanting.
Pain shoots through your body! The orc priest completely misses you.
Menkaure casts a spell at you. Pain shoots through your body!
You shoot an arrow. The arrow barely misses Menkaure.
Menkaure barely misses you.
The orc priest hits you from afar with a +0 trident.
Menkaure calls on the powers of darkness!
The orc priest convulses!
You feel a surge of unholy energy. The orc priest barely misses you.
You shoot an arrow. The arrow hits Menkaure!
Menkaure is severely damaged.
Menkaure hits you!
You die...

...... ..J.. ....
... #### M. ...#.
#)o# #M####.#
#)@....#
#########.####.#
............##.
#.....<.........
.....#######...##
.### ...# ....
... ...


You could see Menkaure (fast) and an orc priest.

Vanquished Creatures
  A gnoll sergeant (D:3)
  A scorpion (D:4)
  Ijyb (D:3)
  5 gnolls (D:3)
  5 adders
  A worm (D:2)
  3 dart slugs (D:1)
  5 orcs
  7 ball pythons
  7 bats
  8 endoplasms
  14 goblins
  6 hobgoblins
  8 jackals
  9 kobolds
  6 quokkas
  3 frilled lizards
  7 rats
97 creatures vanquished.

Notes
Turn   | Place    | Note
-------+----------+-------------------------------------------
     0 | D:1      | qw the Gargoyle Hexslinger began the quest for the Orb.
     0 | D:1      | Reached XP level 1. HP: 12/12 MP: 2/2
     0 | D:1      | 0 ||| qw: Version: 0.3-a-52-g30416fa
     0 | D:1      | 0 ||| qw: Game counter: 5770
     0 | D:1      | 0 ||| qw: Melee chars always use a shield: true
     0 | D:1      | 0 ||| qw: God list: Okawaru
     0 | D:1      | 0 ||| qw: Allow faded altars: false
     0 | D:1      | 0 ||| qw: Do Orc after clearing Dungeon:15 true
     0 | D:1      | 0 ||| qw: Do second Lair branch before Depths: true
     0 | D:1      | 0 ||| qw: Lair rune preference: random
     0 | D:1      | 0 ||| qw: Goals: Normal
     0 | D:1      | 0 ||| PLANNING D:1-11
    63 | D:1      | Reached XP level 2. HP: 14/16 MP: 3/3
   149 | D:1      | Reached skill level 3 in Ranged Weapons
   341 | D:1      | Reached XP level 3. HP: 21/21 MP: 4/4
   803 | D:1      | 803 ||| UPGRADING to amulet of regeneration.
   808 | D:1      | 808 ||| READING scroll labelled JOERU GUFIHE.
   809 | D:1      | 809 ||| READING 2 scrolls labelled NEIVIQ GAORPH.
   810 | D:1      | 810 ||| DROPPING scroll of poison.
   981 | D:2      | Reached XP level 4. HP: 26/26 MP: 5/5
  1029 | D:2      | Reached skill level 4 in Ranged Weapons
  1181 | D:2      | 1181 ||| READING 2 scrolls of enchant weapon.
  1181 | D:2      | 1181 ||| ENCHANTING +2 sling.
  1182 | D:2      | 1182 ||| READING scroll of enchant weapon.
  1182 | D:2      | 1182 ||| ENCHANTING +3 sling.
  1414 | D:2      | 1414 ||| UPGRADING to +0 leather armour.
  1424 | D:2      | 1424 ||| DROPPING +0 robe.
  1425 | D:2      | 1425 ||| READING scroll labelled GEOFRA JASSEDAPS.
  1426 | D:2      | 1426 ||| READING scroll labelled SERGHESTEKUSS.
  1625 | D:3      | Reached XP level 5. HP: 30/30 MP: 6/6
  1683 | D:3      | Noticed Ijyb
  1685 | D:3      | 1685 ||| Stepping ~*~*~tactically~*~*~ (outnumbered).
  1711 | D:3      | Killed Ijyb
  1712 | D:3      | Reached skill level 5 in Ranged Weapons
  1768 | D:3      | 1768 ||| SWAPPING to +0 orcbow.
  1770 | D:3      | 1770 ||| DROPPING +4 sling.
  2170 | D:3      | 2170 ||| Stepping ~*~*~tactically~*~*~ (outnumbered).
  2173 | D:3      | Reached skill level 3 in Fighting
  2195 | D:3      | Reached XP level 6. HP: 23/37 MP: 7/7
  2327 | D:3      | 2327 ||| UPGRADING to +2 pair of gloves.
  2332 | D:3      | 2332 ||| UPGRADING to +0 ring mail.
  2342 | D:3      | 2342 ||| DROPPING +0 leather armour.
  2343 | D:3      | 2343 ||| UPGRADING to ring of protection from fire.
  2344 | D:3      | 2344 ||| READING scroll labelled NEKUCU QETOA.
  2345 | D:3      | 2345 ||| DRINKING 2 white potions.
  2346 | D:3      | 2346 ||| DRINKING 2 bubbling blue potions.
  2347 | D:3      | 2347 ||| READING 3 scrolls of identify.
  2347 | D:3      | 2347 ||| IDENTIFYING amethyst potion
  2348 | D:3      | 2348 ||| READING 2 scrolls of identify.
  2348 | D:3      | 2348 ||| IDENTIFYING metallic golden potion
  2349 | D:3      | 2349 ||| DROPPING potion of attraction.
  2350 | D:3      | 2350 ||| DROPPING potion of berserk rage.
  2383 | D:4      | Noticed Menkaure
  2385 | D:4      | 2385 ||| Stepping ~*~*~tactically~*~*~ (outnumbered).
  2399 | D:4      | HP: 9/37 [??? (1)]
  2406 | D:4      | HP: 6/37 [Menkaure/nerve-wracking pain (7)]
  2407 | D:4      | HP: 2/37 [orc priest/+0 trident (5)]
  2408 | D:4      | Mangled by Menkaure

Levels and vault maps discovered:
D:1:      matt_arrival_diagonals, layout_basic
D:2:      layout_loops_ring
D:3:      kennysheep_goblin_castle, layout_basic, glass_columns_a, st_stairs_4
D:4:      layout_rooms, gammafunk_ghost_split, minmay_close_crescents,
          uniq_grinder, uniq_menkaure

Skill      XL: |  1  2  3  4  5  6 |
---------------+-------------------+-----
Ranged Weapons | 3 4 5 |  5.8
Fighting       | 2 3 |  3.1
Armour         | 2 |  2.0
Dodging        | |  1.5
Spellcasting   | |  1.0
Hexes          | |  2.6

Action                     |  1- 3 |  4- 6 || total
---------------------------+-------+-------++-------
   Fire: Sling             |   111 |   137 ||   248
         Orcbow            |       |   139 ||   139
    Use: Scroll            |     2 |     7 ||     9
         Potion            |       |     2 ||     2
 Armour: Robe              |    13 |     3 ||    16
         Leather armour    |       |    67 ||    67
         Ring mail         |       |    33 ||    33
  Dodge: Dodged            |    21 |   147 ||   168

Table legend:
 A = Non-vault XP
 B = Vault XP
 C = Vault XP percentage of total XP
 D = Non-vault monster count
 E = Vault monster count
 F = Vault count percentage of total count
                 A         B        C        D         E       F
            +---------+---------+-------+---------+---------+-------
      Total |     445 |      63 |  12.4 |      82 |      15 |  15.5
            +---------+---------+-------+---------+---------+-------
        D:1 |      53 |       0 |   0.0 |      27 |       0 |   0.0
        D:2 |      70 |       0 |   0.0 |      25 |       0 |   0.0
        D:3 |     231 |      63 |  21.4 |      26 |      15 |  36.6
        D:4 |      91 |       0 |   0.0 |       4 |       0 |   0.0
            +---------+---------+-------+---------+---------+-------
